Map: Newkirk Precinct TE (Void)

Players

Fropez - Winner!

  • Race: Protoss Protoss
  • League: Gold
  • Spawn Location: 7:00

MatCauthon

  • Race: Terran Terran
  • League: Gold
  • Spawn Location: 5:00

VOD

Have the link to the VOD?

Description

Time

  • Played on: Dec. 24, 2016, 3:40 p.m.
  • Length: 19:23
Show
View Real Time Build Order
Export as new Build Order

Fropez Protoss - Winner!

Build Orders: 1 Gate Expand, Blink Stalkers 

Get SALT Encoding   

  12  0:01  Probe (Chrono Boost)  
  13  0:11  Probe (Chrono Boost)  
  14  0:18  Pylon  
  14  0:23  Probe (Chrono Boost)  
  15  0:36  Probe (Chrono Boost)  
  15  0:37  Gateway  
  16  0:47  Probe (Chrono Boost)  
  17  0:53  Assimilator  
  17  0:57  Probe (Chrono Boost)  
  18  1:08  Probe (Chrono Boost)  
  19  1:22  Nexus  
  20  1:25  Probe (Chrono Boost)  
  20  1:39  Cybernetics Core  
  20  1:41  Probe (Chrono Boost)  
  21  1:51  Probe (Chrono Boost)  
  21  2:02  Probe (Chrono Boost)  
  21  2:06  Warp Gate  
  22  2:11  Pylon  
  22  2:12  Probe (Chrono Boost)  
  23  2:23  Assimilator  
  23  2:29  Stalker  
  26  2:31  Probe (Chrono Boost)  
  26  2:37  Probe (Chrono Boost)  
  26  2:43  Probe (Chrono Boost)  
  28  2:45  Cybernetics Core  
  28  2:49  Gateway  
  28  2:50  Twilight Council  
  28  2:51  Probe (Chrono Boost)  
  30  3:02  Probe (Chrono Boost)  
  31  3:12  Mothership Core (Chrono Boost)  
  33  3:13  Probe (Chrono Boost)  
  33  3:19  Stalker  
  35  3:25  Probe (Chrono Boost)  
  36  3:31  Probe (Chrono Boost)  
  36  3:32  Pylon  
  37  3:36  Probe (Chrono Boost), Stalker  
  40  3:42  Assimilator  
  40  3:44  Probe (Chrono Boost)  
  40  3:46  Assimilator  
  40  3:47  Probe (Chrono Boost)  
  42  3:49  Stalker  
  42  3:53  Blink  
  45  3:57  Probe x2 (Chrono Boost)  
  46  4:05  Pylon  
  46  4:08  Probe (Chrono Boost)  
  46  4:09  Probe (Chrono Boost)  
  48  4:18  Probe (Chrono Boost)  
  49  4:28  Stalker x2  
  54  4:32  Probe (Chrono Boost)  
  54  4:34  Pylon, Probe (Chrono Boost)  
  55  4:42  Pylon  
  55  4:44  Probe x2 (Chrono Boost)  
  57  4:45  Gateway  
  57  4:52  Stalker  
  59  4:56  Probe (Chrono Boost)  
  59  4:58  Stalker  
  62  5:00  Probe (Chrono Boost)  
  63  5:10  Probe (Chrono Boost)  
  63  5:12  Robotics Facility  
  64  5:16  Probe (Chrono Boost)  
  64  5:18  Forge  
  65  5:37  Protoss Ground Weapons Level 1  
  65  5:44  Stalker x2  
  65  5:46  Probe (Chrono Boost)  
  65  5:47  Probe (Chrono Boost)  
  72  5:58  Probe (Chrono Boost)  
  72  5:59  Probe (Chrono Boost)  
  73  6:07  Adept x2  
  73  6:08  Pylon  
  73  6:11  Pylon  
  77  6:13  Nexus  
  77  6:14  Pylon, Probe (Chrono Boost)  
  78  6:21  Warp Prism  
  78  6:28  Probe (Chrono Boost)  
  81  6:34  Stalker x2  
  81  6:35  Stalker  
  88  6:41  Probe (Chrono Boost)  
  88  6:44  Probe (Chrono Boost)  
  89  6:58  Probe x2 (Chrono Boost)  
  89  6:59  Adept x3, Resonating Glaives  
  94  7:10  Probe x2 (Chrono Boost)  
  95  7:20  Forge  
  95  7:22  Probe (Chrono Boost)  
  97  7:23  Probe (Chrono Boost)  
  97  7:24  Robotics Bay  
  97  7:28  Pylon  
  97  7:30  Pylon  
  97  7:33  Gateway  
  97  7:34  Probe (Chrono Boost)  
  97  7:35  Adept x3, Probe (Chrono Boost)  
  105  7:38  Probe (Chrono Boost)  
  106  7:46  Probe (Chrono Boost)  
  106  7:47  Probe (Chrono Boost)  
  106  7:48  Pylon, Probe (Chrono Boost)  
  109  7:51  Pylon  
  109  7:56  Sentry x3  
  109  7:58  Probe (Chrono Boost)  
  117  7:59  Probe x2 (Chrono Boost)  
  117  8:01  Extended Thermal Lance  
  117  8:04  Protoss Ground Weapons Level 2  
  118  8:06  Warp Prism  
  118  8:07  Protoss Ground Armor Level 1  
  118  8:10  Probe (Chrono Boost)  
  118  8:11  Probe (Chrono Boost)  
  122  8:16  Probe (Chrono Boost)  
  123  8:22  Adept x2, Probe (Chrono Boost)  
  123  8:23  Adept  
  92  9:18  Stalker x2  
  92  9:19  Stalker x2  
  92  9:21  Assimilator  
  100  9:26  Assimilator  
  100  9:28  Colossus  
  106  9:41  Gateway  
  106  9:42  Nexus  
  106  9:44  Gateway  
  106  9:45  Assimilator  
  106  9:48  Photon Cannon x2  
  106  9:49  Assimilator  
  106  9:51  Pylon x2  
  106  9:52  Stalker x4  
  114  9:54  Pylon x3  
  114  9:58  Pylon, Gateway  
  114  10:02  Pylon  
  114  10:21  Colossus  
  120  10:38  Stalker x3  
  120  10:39  Stalker  
  116  10:48  Protoss Ground Weapons Level 3  
  110  10:50  Protoss Ground Armor Level 2  
  88  11:10  Stalker x3  
  88  11:11  Stalker  
  83  11:22  Gateway  
  83  11:24  Gateway  
  68  11:26  Gateway  
  68  11:29  Cybernetics Core  
  66  11:33  Gateway  
  66  11:35  Gateway  
  66  11:37  Stalker x4  
  66  11:38  Stalker  
  66  11:39  Gateway  
  76  11:41  Gateway  
  76  11:43  Gateway  
  76  11:45  Gateway  
  76  11:51  Pylon  
  76  11:53  Pylon  
  70  12:17  Stalker x4  
  78  12:25  Nexus  
  78  12:29  Assimilator  
  78  12:33  Assimilator, Stalker x3  
  78  12:37  Pylon  
  78  12:40  Pylon  
  78  12:45  Stalker x2  
  78  12:46  Stalker x4  
  78  12:48  Pylon  
  78  12:50  Pylon, Stalker  
  92  12:54  Pylon  
  91  13:14  Stalker x5  
  91  13:15  Stalker x5  
  91  13:16  Stalker  
  109  13:49  Zealot x4  
  109  13:50  Zealot x7  
  109  13:51  Zealot  
  125  14:13  Stalker x3  
  131  14:35  Stalker  
  131  14:36  Stalker x4  
  141  14:55  Pylon  
  141  14:56  Pylon  
  141  14:58  Pylon  
  139  15:08  Nexus  
  139  15:12  Assimilator  
  139  15:16  Assimilator, Zealot  
  141  15:24  Pylon  
  141  15:29  Twilight Council  
  139  15:55  Stalker  
  139  15:56  Stalker x4  
  139  15:57  Stalker x5  
  157  16:07  Probe x2 (Chrono Boost)  
  159  16:17  Probe (Chrono Boost)  
  160  16:22  Protoss Ground Armor Level 3, Stalker x2  
  160  16:23  Stalker x3  
  170  16:26  Pylon  
  170  16:28  Protoss Shields Level 1  
  170  16:44  Pylon  
  170  16:46  Probe (Chrono Boost)  
  173  16:47  Probe x2 (Chrono Boost)  
  173  16:56  Probe (Chrono Boost)  
  173  16:59  Probe (Chrono Boost)  
  176  17:02  Probe (Chrono Boost)  
  176  17:07  Nexus, Probe (Chrono Boost)  
  177  17:12  Pylon  
  177  17:14  Pylon  
  177  17:18  Sentry x2  
  177  17:19  Sentry x3  
  187  17:45  Probe (Chrono Boost)  
  187  17:47  Probe x2 (Chrono Boost)  
  190  17:56  Probe (Chrono Boost)  
  193  17:59  Probe x2 (Chrono Boost)  
  193  18:12  Forge  
  193  18:17  Robotics Facility  
  193  18:20  Photon Cannon  
  193  18:23  Photon Cannon  
  193  18:24  Probe x2 (Chrono Boost)  
  195  18:27  Photon Cannon  
  195  18:30  Pylon  
  195  18:33  Pylon  
  187  18:39  Pylon  
  187  18:42  Pylon  
  187  18:45  Pylon  
  187  18:51  Stalker x6  
  187  18:52  Stalker x3  
Show
View Real Time Build Order
Export as new Build Order

MatCauthon Terran 

Build Orders: Liberator Opening, MMM Bio 

Get SALT Encoding   

  12  0:01  SCV  
  13  0:13  SCV  
  14  0:23  Supply Depot  
  14  0:25  SCV  
  15  0:44  SCV  
  15  0:46  Barracks  
  16  0:53  Refinery  
  16  0:57  SCV  
  17  1:02  Supply Depot  
  17  1:09  SCV  
  18  1:21  SCV  
  19  1:29  Refinery  
  19  1:34  Marine  
  19  1:38  Orbital Command  
  20  1:51  Marine, Refinery  
  21  2:07  SCV  
  21  2:18  Command Center  
  21  2:23  SCV  
  21  2:29  Factory  
  22  2:36  Barracks Reactor  
  22  2:39  SCV  
  23  2:50  Engineering Bay  
  23  2:51  SCV  
  24  3:03  SCV  
  25  3:08  Supply Depot  
  25  3:13  Starport  
  25  3:15  SCV, Supply Depot  
  25  3:18  Factory Tech Lab  
  26  3:28  SCV  
  26  3:33  Bunker  
  27  3:37  Orbital Command  
  27  3:45  Missile Turret  
  27  3:50  Liberator  
  27  3:56  Supply Depot  
  27  3:58  SCV  
  27  4:02  Missile Turret  
  31  4:12  Marine x2  
  33  4:20  Barracks  
  33  4:25  SCV x2  
  35  4:34  Siege Tank  
  38  4:41  Missile Turret  
  38  4:47  Missile Turret  
  38  4:49  Missile Turret  
  38  4:50  Liberator  
  38  4:53  Missile Turret  
  38  4:56  Missile Turret  
  37  5:09  Barracks Tech Lab  
  37  5:14  Siege Tank, Barracks  
  43  5:35  Stimpack  
  43  5:36  Marine x2, Marauder  
  47  5:43  Barracks  
  47  5:44  SCV x2  
  49  5:54  Supply Depot  
  49  5:56  SCV x2  
  51  6:06  Marine x2  
  51  6:07  Marauder  
  55  6:14  Starport Reactor  
  55  6:16  Barracks Reactor  
  55  6:17  Barracks  
  55  6:40  Barracks Reactor  
  55  6:41  Marine  
  56  6:56  Medivac x2  
  56  7:00  SCV x2  
  56  7:01  Supply Depot  
  59  7:09  Siege Tank  
  59  7:12  SCV, Barracks  
  59  7:14  Barracks Reactor  
  63  7:15  Marine  
  63  7:16  Marine x6  
  63  7:21  Supply Depot  
  70  7:23  SCV, Engineering Bay  
  71  7:33  Marine  
  71  7:34  Marine x4  
  71  7:36  Marauder  
  78  7:39  Barracks Tech Lab  
  78  7:55  Marine x2  
  78  7:56  Marine x3  
  84  8:09  Marine x2, Marauder x2  
  89  8:13  Marine x3  
  92  8:30  Marauder x2  
  85  8:38  Marine x6  
  85  8:39  Marine  
  83  8:50  Siege Tank  
  67  9:04  Supply Depot  
  67  9:05  Marine x9  
  67  9:09  Refinery  
  76  9:12  Refinery, Medivac  
  76  9:14  Medivac  
  80  9:20  Terran Infantry Weapons Level 1  
  80  9:22  Siege Tank, Marine, Terran Infantry Armor Level 1  
  80  9:23  Marine x4  
  88  9:33  Barracks Reactor  
  88  9:35  Marauder  
  88  9:36  Marauder  
  88  9:38  Missile Turret  
  92  10:01  Marine x4  
  92  10:02  Marauder  
  92  10:03  Marauder  
  100  10:13  Missile Turret  
  100  10:14  Marine x2  
  100  10:15  Marine  
  100  10:21  Concussive Shells  
  102  10:24  Combat Shields  
  102  10:31  Supply Depot  
  102  10:33  Supply Depot  
  102  10:35  Marauder  
  102  10:36  Supply Depot  
  102  10:42  Supply Depot  
  102  10:45  Marine  
  102  10:46  Marine  
  102  10:47  Marauder  
  100  10:57  Marauder  
  89  11:11  Marine x3  
  82  11:12  Marauder  
  81  11:33  Marauder  
  60  12:06  Marauder  
  62  12:16  Marine x2  
  62  12:17  Marine  
  63  12:57  Siege Tank  
  63  12:58  Marine x6  
  67  12:59  Marine x2  
  66  13:16  Marine x4  
  70  13:20  Missile Turret  
  70  13:30  Siege Tank  
  51  13:57  Marine  
  51  13:58  Marine x7  
  51  14:02  Siege Tank  
  59  14:30  Marine x5  
  50  15:06  Orbital Command  
  46  15:49  Marine  
  28  16:05  SCV  
  28  16:09  Medivac  
  31  16:30  Marauder  
  31  16:31  Marauder  
  35  16:38  SCV  
  36  16:53  Marauder  
  38  17:09  SCV  
  38  17:33  Supply Depot  
  38  17:48  SCV  
  39  17:54  Medivac  
  41  17:59  Marauder  
  43  18:12  SCV  
  44  18:13  Marine  
  45  18:23  Medivac  
  44  18:38  Marauder  
  46  18:44  Marine  
Tags
 
Add a new tag
Caveats
  • Supply blocks, unpowered buildings, or Contaminate may cause inaccurate times.
  • Supply counts are checked every 10 seconds.